 Dungeon Crawl Stone Soup version 0.27.1-35-g4d5d836560 (webtiles) character file.

Game seed: 7843729888446817589

164 Delamore the Sneak (level 5, -1/51 HPs)
             Began as an Octopode Brigand on June 7, 2022.
             Succumbed to Crazy Yiuf's poison
             ... on level 3 of the Dungeon.
             The game lasted 00:03:20 (2239 turns).

Delamore the Sneak (Octopode Brigand)               Turns: 2239, Time: 00:03:20

Health: -1/51      AC: 22    Str: 10    XL:     5   Next: 45%
Magic:  5/5        EV:  2    Int: 13    God:
Gold:   191        SH:  0    Dex: 15    Spells: 4/4 levels left

rFire    . . .     SeeInvis .   d - +2 hunting sling (freeze)
rCold    . . .     Faith    .   (no shield)
rNeg     + + +     Spirit   .   (helmet currently unavailable)
rPois    +         Reflect  .   (no amulet)
rElec    .         Harm     .   (no ring)
rCorr    .         Rampage  .   (no ring)
Will     .....     NoTele   +   (no ring)
Stlth    +++.......             (no ring)
HPRegen  0.17/turn              (no ring)
MPRegen  0.09/turn              (no ring)
                                (no ring)
                                (no ring)

@: brilliant, lethally poisoned (-1 -> -13), tree-form
A: stationary, stasis, torment immunity, boosted hp, almost no armour,
(amphibious), 8 rings, (camouflage 1), (gelatinous body 1), (nimble swimmer 1),
(tentacles)
a: no special abilities


You were on level 3 of the Dungeon.
You were a tree.
You visited 1 branch of the dungeon, and saw 3 of its levels.

You collected 191 gold pieces.

Inventory:

Hand Weapons
 a - a +2 dagger
 d - a +2 hunting sling of freezing (weapon)
 f - a +0 dagger of venom
 r - a +0 short sword of electrocution
Missiles
 b - 25 poisoned darts
 c - 7 curare-tipped darts (quivered)
 h - 79 arrows
 i - 73 stones
 j - 39 bolts
 o - 9 sling bullets (quivered ammo)
Scrolls
 g - a scroll of blinking {unknown}
 k - a scroll of summoning {unknown}
 l - a scroll of immolation {unknown}
 m - a scroll of enchant armour {unknown}
 p - a scroll of identify {unknown}
 q - a scroll of magic mapping {unknown}


   Skills:
 - Level 2.0 Fighting
 - Level 2.0 Short Blades
 * Level 4.0(4.6) Slings
 + Level 3.4(4.3) Throwing
 - Level 1.0 Dodging
 - Level 5.3 Stealth


You had 4 spell levels left.
You didn't know any spells.
Your spell library contained the following spells:

 Spells                   Type           Power      Damage    Failure   Level
 Shock                    Conj/Air       0%         1d3       30%         1
 Gell's Gravitas          Tloc           0%         N/A       67%         3
 Swiftness                Air            0%         N/A       67%         3
 Teleport Other           Tloc           0%         N/A       67%         3
 Airstrike                Air            0%         N/A       97%         4
 Dispersal                Tloc           0%         N/A       100%        6


Dungeon Overview and Level Annotations

Branches:
Dungeon (3/15)

Altars:
Ashenzari
Elyvilon
Nemelex Xobeh
Okawaru
Ru
Trog
Uskayaw
Xom
Yredelemnul
The Shining One


Innate Abilities, Weirdness & Mutations

You are a tree.
Your roots penetrate the ground, keeping you stationary.
You cannot be teleported.
You are immune to unholy pain and torment.
Your maximum health is greatly increased.
You cannot wear most types of armour.
((You are amphibious.))
You can wear up to eight rings at the same time.
((Your skin changes colour to match your surroundings (Stealth+).))
((Your rubbery body absorbs attacks. (AC +1, EV +1)))
((You are camouflaged near water. (Stealth+)))
((You have tentacles for arms and can constrict up to eight enemies at once.))


Message History

Really attack while wielding your +2 hunting sling of freezing?
Okay, then.
You shoot a sling bullet.
The sling bullet completely misses Crazy Yiuf.
Crazy Yiuf says, "Shower!
Adder senile arm."
Crazy Yiuf closely misses you.
You shoot a sling bullet. The sling bullet hits Crazy Yiuf!
The sling bullet freezes Crazy Yiuf.
Crazy Yiuf is heavily wounded.
Crazy Yiuf closely misses you.
You shoot a sling bullet.
The sling bullet hits Crazy Yiuf but does no damage.
Crazy Yiuf is heavily wounded.
Crazy Yiuf hits you with a +3 quarterstaff of chaos!
Crazy Yiuf burns you.
You shoot a sling bullet.
The sling bullet barely misses Crazy Yiuf.
Crazy Yiuf hits you with a +3 quarterstaff of chaos.
You resist with some effort.
Crazy Yiuf is nearby!
Unknown command.
Throw: 8 darts (curare)
Press: ? - help, Q - select action, (/) - cycle Shift-Dir - straight line, f/p - Crazy Yiuf
Aim: Crazy Yiuf, wielding a +3 quarterstaff of chaos and wearing a +2 cloak of stealth (heavily wounded, 65% to hit)
You throw a curare-tipped dart. The curare-tipped dart hits Crazy Yiuf.
Crazy Yiuf is poisoned.
Crazy Yiuf convulses.
Crazy Yiuf seems to slow down.
Crazy Yiuf is almost dead.
Crazy Yiuf hits you with a +3 quarterstaff of chaos!
* * * LOW HITPOINT WARNING * * *
You are lethally poisoned!
It was a potion of lignification.
You turn into a tree.
Your roots penetrate the ground.
* * * LOW HITPOINT WARNING * * *
You feel very sick.
You kill Crazy Yiuf!
Your Slings skill increases to level 4!
It was a potion of brilliance.
You feel clever all of a sudden.
You die...

#...).....##
♣...P♣
###....#....
#.........#
♣♣P..♣
#....####.
#.........#
♣♣.♣♣
#....####.
#.........#
♣♣.♣
#.........
#......####
♣.♣♣
######....
#......#
♣♣.♣ #..._..
#......#
♣.♣♣
##._..._
#......#
##'##
#.......
#......#
#.♣.#
#._..8..
#......#
#.).#
#.....).
########
#)(.#
##._..._
#####
#..._..
###....
##... ####


There were no monsters in sight!

Vanquished Creatures
  Crazy Yiuf (D:3)
  A jelly (D:3)
  3 adders
  A worm (D:2)
  5 dart slugs
  9 orcs (D:3)
  12 bats
  2 giant cockroaches (D:3)
  6 goblins
  3 hobgoblins
  7 ball pythons
  3 frilled lizards
  7 rats
60 creatures vanquished.

Notes
Turn   | Place    | Note
-------+----------+-------------------------------------------
     0 | D:1      | Delamore the Octopode Brigand began the quest for the Orb.
     0 | D:1      | Reached XP level 1. HP: 14/14 MP: 1/1
   105 | D:1      | Reached skill level 1 in Slings
   128 | D:1      | Reached XP level 2. HP: 19/19 MP: 2/2
   153 | D:1      | Found a faded altar of an unknown god.
   195 | D:1      | Found a bloodstained altar of Trog.
   773 | D:2      | Reached XP level 3. HP: 24/24 MP: 3/3
   796 | D:2      | Found a hide-covered altar of Uskayaw.
  1612 | D:3      | Found a shimmering altar of Xom.
  1613 | D:3      | Found an iron altar of Okawaru.
  1615 | D:3      | Found a basalt altar of Yredelemnul.
  1615 | D:3      | Found a sacrificial altar of Ru.
  1615 | D:3      | Found a broken altar of Ashenzari.
  1617 | D:3      | Found a white marble altar of Elyvilon.
  1617 | D:3      | Found a sparkling altar of Nemelex Xobeh.
  1618 | D:3      | Found a glowing golden altar of the Shining One.
  1627 | D:3      | Reached XP level 4. HP: 29/29 MP: 4/4
  1831 | D:3      | Reached XP level 5. HP: 34/34 MP: 5/5
  2226 | D:3      | Found a runed translucent door.
  2227 | D:3      | Noticed Crazy Yiuf
  2238 | D:3      | HP: 1/51 [poisoned by Crazy Yiuf]
  2238 | D:3      | Killed Crazy Yiuf
  2239 | D:3      | Succumbed to Crazy Yiuf's poison

Illustrated notes

Levels and vault maps discovered:
D:1:      dpeg_arrival_subterranean_lakeside_camping, layout_basic,
          ebering_ecumenical_altar_hall, minmay_misc_feat_plants,
          kennysheep_flooded_box, roderic_malta_cross
D:2:      layout_basic, basic_altar, minivault_4
D:3:      layout_basic, grunt_temple_overflow_open, minmay_misc_feat_room,
          minmay_misc_feat_square, uniq_crazy_yiuf_cottage

Skill      XL: |  1  2  3  4  5 |
---------------+----------------+-----
Slings         | 1 2 3 4 |  4.0
Throwing       | 3 |  3.4
Fighting       | |  2.0
Short Blades   | |  2.0
Dodging        | |  1.0
Stealth        | |  5.3

Action                   |  1- 3 |  4- 6 || total
-------------------------+-------+-------++-------
Melee: Dagger            |    12 |       ||    12
 Fire: Hunting sling     |    70 |    45 ||   115
Throw: Dart              |       |     1 ||     1
  Use: Potion            |       |     2 ||     2
 Stab: Sleeping          |     8 |       ||     8
Armor: Skin              |     9 |     1 ||    10
Dodge: Dodged            |    18 |     6 ||    24
